 Dungeon Crawl Stone Soup version 0.17-a0-1397-g0eee0a3 (webtiles) character file.

3432 wotan the Fighter (level 10, 0/91 HPs)
             Began as a Ghoul Monk on June 17, 2015.
             Was a Priest of Makhleb.
             Slain by an unseen horror (9 damage)
             ... on level 7 of the Dungeon.
             The game lasted 00:36:38 (7672 turns).

wotan the Fighter (Ghoul Monk)                      Turns: 7672, Time: 00:36:38

Health: 0/91       AC: 14    Str: 16    XL:     10   Next: 5%
Magic:  18/18      EV:  5    Int:  2    God:    Makhleb [***...]
Gold:   315        SH:  5    Dex: 10    Spells: 0 memorised, 9 levels left

rFire  . . .     SeeInvis .       - Unarmed
rCold  + + +     Clarity  .     c - +3 scale mail
rNeg   + + +     SustAt   .     j - +0 buckler
rPois  ∞         Gourm    .     p - +0 helmet
rElec  .         Spirit   .     g - +1 cloak
rCorr  .         Warding  .     (no gloves)
rMut   .         Stasis   .     (no boots)
MR     .....                    (no amulet)
Stlth  ..........               u - ring of protection from cold
                                r - ring of Ekhituf {rPois rC+++ MP+9 Int-5 Dex-2} (curse)

@: rotting, not resistant to hostile enchantments, extremely unstealthy
A: rotting body, claws 1, carnivore 3, cold resistance 1, negative energy
resistance 3, slow healing 1, torment resistance, unbreathing
a: Minor Destruction, Lesser Servant of Makhleb, Renounce Religion


You were on level 7 of the Dungeon.
You worshipped Makhleb.
Makhleb was most pleased with you.
You were not hungry.

You visited 1 branch of the dungeon, and saw 7 of its levels.

You collected 315 gold pieces.

Inventory:

Armour
 c - a +3 scale mail (worn)
 g - a +1 cloak (worn)
 j - a +0 buckler (worn)
 p - a +0 helmet (worn)
Jewellery
 r - the cursed ring of Ekhituf (left claw) {rPois rC+++ MP+9 Int-5 Dex-2}
   (You found it on level 5 of the Dungeon)

   [ring of dexterity]

   It affects your intelligence (-5).
   It affects your dexterity (-2).
   It renders you almost immune to cold.
   It protects you from poison.
   It affects your magic capacity (+9).
   It has a curse placed upon it.
 u - a ring of protection from cold (right claw)
Magical devices
 i - a wand of magic darts (25)
 q - a wand of paralysis (12)
Scrolls
 d - 2 scrolls of fear
 e - a scroll of blinking
 h - 2 scrolls of fog
 l - a scroll of identify
 m - a scroll of enchant armour
 w - a scroll of amnesia
Potions
 a - a potion of curing {unknown}
 k - a potion of invisibility
 n - a potion of mutation {unknown}
 o - a potion of brilliance
 t - a potion of degeneration {unknown}
Books
 s - a book of Enchantments

   Spells                             Type                      Level
   a - Cause Fear                     Hexes                        4
   b - Silence                        Hexes/Air                    5
   c - Deflect Missiles               Charms/Air                   6
   d - Haste                          Charms                       6
   e - Discord                        Hexes                        8
Comestibles
 b - 3 meat rations
 f - a beef jerky


   Skills:
 + Level 9.4 Fighting
 - Level 6.2 Armour
 - Level 3.2 Dodging
 - Level 2.2 Stealth
 - Level 6.1 Shields
 - Level 7.5 Unarmed Combat


You had 9 spell levels left.
You didn't know any spells.

Dungeon Overview and Level Annotations

Branches:
Dungeon (7/15)
 Temple: D:4-7

Altars:
Cheibriados
Dithmenos
Fedhas
Gozag
Kikubaaqudgha
Makhleb
Nemelex Xobeh
Qazlal
Vehumet
Xom

Annotations:
D:3 Sigmund


Innate Abilities, Weirdness & Mutations

Your body is rotting away.
You thrive on raw meat.
You are immune to poison.
You have sharp fingernails.
You are carnivorous and can eat meat at any time.
Your flesh is cold resistant.
You are immune to negative energy.
You heal slowly when monsters are visible.
You are immune to unholy pain and torment.
You can survive without breathing.


Message History

You barely miss something. Something hits you.
* * * LOW HITPOINT WARNING * * *
Something hits you but does no damage. Something hits you but does no damage.
Something hits you but does no damage. You block its attack.
Read which item? (? for menu, Esc to quit)
As you read the scroll of fear, it crumbles to dust.
You assume a fearsome visage.
Something hits you but does no damage. Something hits you but does no damage.
Something hits you.
* * * LOW HITPOINT WARNING * * *
Something hits you but does no damage. Something hits you!
* * * LOW HITPOINT WARNING * * *
Something hits you.
* * * LOW HITPOINT WARNING * * *
There is a stone staircase leading up here.
Something hits you!
You die...

#.###########.# ##.## ######.#
#.# #...## .......# #.# ##....#
############### #.# #.....#
#.......(..# #.######..(..#
#.#......#.# #......##...##
####.##.###.# #......8...##
#.......# #.# ###..........#
#...##### #.#. #@..##########
....# #(#.###......# ....#
#(#...#.####.# ###
....#######)###.#.#..#.########..
....'......)((...............>...
....####..###.#.#.#..#.########..
.#######..# #........#.##### ##.
..........# #..##.##.#.....# #.
.#######..###.....##.#####.# #.


There were no monsters in sight!

Vanquished Creatures
  Grinder (D:3)
  A hippogriff (D:7)
  A hungry ghost (D:7)
  Menkaure (D:4)
  Duvessa (D:4)
  An ice beast (D:6)
  A sky beast (D:6)
  An orc warrior (D:6)
  A necrophage (D:4)
  2 phantoms (D:7)
  2 ogres
  2 centaurs
  Blork the orc (D:5)
  2 giant frogs (D:7)
  Dowan (D:4)
  A scorpion (D:7)
  3 killer bees
  7 wights (D:7)
  A quasit (D:6)
  2 crimson imps (D:6)
  A giant frog skeleton (D:7)
  3 hounds
  5 orc priests
  Ijyb (D:3)
  2 jellies (D:6)
  5 iguanas
  7 orc wizards
  5 worker ants
  6 gnolls
  8 adders
  2 shadow imps
  2 oozes
  2 adder skeletons
  5 worms
  26 orcs
  5 giant cockroaches
  12 goblins
  10 hobgoblins
  7 jackals
  11 kobolds
  2 quokkas
  A ball python (D:2)
  12 bats
  A giant gecko (D:3)
  A giant gecko skeleton (D:4)
  6 giant newts
  12 rats
193 creatures vanquished.

Notes
Turn   | Place    | Note
--------------------------------------------------------------
     0 | D:1      | wotan the Ghoul Monk began the quest for the Orb.
     0 | D:1      | Reached XP level 1. HP: 19/19 MP: 0/0
   156 | D:1      | Reached XP level 2. HP: 20/26 MP: 1/1
   843 | D:2      | Reached XP level 3. HP: 21/30 MP: 2/2
  1230 | D:2      | Reached skill level 5 in Unarmed Combat
  1298 | D:2      | Reached XP level 4. HP: 33/39 MP: 3/3
  1688 | D:3      | Noticed Grinder
  1696 | D:3      | Paralysed by Grinder for 6 turns
  1715 | D:3      | Killed Grinder
  1715 | D:3      | Reached skill level 7 in Unarmed Combat
  1715 | D:3      | Reached XP level 5. HP: 20/44 MP: 4/4
  1715 | D:3      | Reached XP level 6. HP: 22/50 MP: 5/5
  2274 | D:3      | Reached skill level 1 in Armour
  2357 | D:3      | Noticed Ijyb
  2369 | D:3      | Paralysed by Ijyb for 6 turns
  2381 | D:3      | Killed Ijyb
  2448 | D:3      | Noticed Sigmund
  2782 | D:4      | Noticed Menkaure
  2812 | D:4      | Killed Menkaure
  2812 | D:4      | Reached XP level 7. HP: 33/57 MP: 6/6
  3852 | D:4      | Noticed Duvessa
  3857 | D:4      | Noticed Dowan
  3865 | D:4      | Reached skill level 5 in Armour
  3885 | D:4      | Killed Duvessa
  3885 | D:4      | Reached XP level 8. HP: 41/64 MP: 7/7
  3924 | D:4      | Killed Dowan
  4429 | D:5      | Entered Level 5 of the Dungeon
  4703 | D:5      | Got a bound brass ring
  4715 | D:5      | Identified the cursed ring of Ekhituf {rPois rC+++ MP+9 Int-5 Dex-2} (You found it on level 5 of the Dungeon)
  4822 | D:5      | Found a blossoming altar of Fedhas.
  5125 | D:6      | Noticed Blork the orc
  5144 | D:5      | Killed Blork the orc
  5464 | D:6      | Found a shadowy altar of Dithmenos.
  5539 | D:6      | Reached skill level 5 in Shields
  5600 | D:6      | Reached XP level 9. HP: 62/70 MP: 8/8
  5720 | D:6      | Found an opulent altar of Gozag.
  5727 | D:6      | Found a sparkling altar of Nemelex Xobeh.
  5732 | D:6      | Found a burning altar of Makhleb.
  5743 | D:6      | Found a snail-covered altar of Cheibriados.
  5750 | D:6      | Found an ancient bone altar of Kikubaaqudgha.
  5755 | D:6      | Found a stormy altar of Qazlal.
  5766 | D:6      | Became a worshipper of Makhleb the Destroyer
  5766 | D:6      | Acquired Makhleb's first power
  5766 | D:6      | Acquired Makhleb's second power
  6139 | D:6      | Reached skill level 5 in Fighting
  6273 | D:6      | Found a shimmering altar of Xom.
  7107 | D:7      | Acquired Makhleb's third power
  7221 | D:7      | Found a radiant altar of Vehumet.
  7349 | D:7      | Reached skill level 8 in Fighting
  7545 | D:7      | Reached skill level 9 in Fighting
  7545 | D:7      | Reached XP level 10. HP: 49/91 MP: 9/9
  7672 | D:7      | Slain by an unseen horror

Vault maps used:
D:1:      ncdulo_watergridlock, minivault_25
D:2:      first_bread, guppyfry_early_orc_mine
D:3:      serial_co_window_serial, co_window_corner_a,
          co_window_of_opportunity_a, co_window_paths_b, co_window_paths_a,
          co_window_paths_a, co_window_of_opportunity_b, co_window_corner_b,
          co_window_of_opportunity_c, co_window_of_opportunity_c,
          co_window_corner_b, glass_columns_b, glass_columns_b, glass_columns_b,
          uniq_iyjb, uniq_sigmund, uniq_grinder
D:4:      lemuel_statue_altar, uniq_duvessa, uniq_menkaure
D:5:      fedhas_altar_4
D:6:      grunt_temple_overflow_octagram, grunt_dithmenos_smoke,
          uniq_blork_the_orc
D:7:      minmay_temple_entry_junction, basic_altar,
          lightli_ossuary_entry_decrepit_ruins

Action                   |  1- 3 |  4- 6 |  7- 9 | 10-12 || total
-------------------------+-------+-------+-------+-------++-------
Melee: Unarmed           |   129 |   110 |   608 |    14 ||   861
  Use: Scroll            |     3 |     4 |    13 |     1 ||    21
       Potion            |       |       |     2 |       ||     2
 Stab: Sleeping          |     4 |     1 |       |       ||     5
  Eat: Chunk             |    10 |     3 |    27 |       ||    40
